 Dungeon Crawl Stone Soup version 0.28-a0-706-gf6f64a616a (webtiles) character file.

Game seed: 17731778532225589842

799 KoroneIsBestGirl the Chiller (level 7, -4/46 HPs)
             Began as a Barachi Ice Elementalist on Oct 24, 2021.
             Killed from afar by Edmund (6 damage)
             ... with a puff of flame
             ... on level 4 of the Dungeon.
             The game lasted 00:06:33 (6810 turns).

KoroneIsBestGirl the Chiller (BaIE)                 Turns: 6810, Time: 00:06:33

Health: -4/46      AC:  2    Str:  9    XL:     7   Next: 90%
Magic:  4/14       EV: 18    Int: 24    God:
Gold:   145        SH:  0    Dex: 12    Spells: 11/16 levels left

rFire   . . .      SeeInvis .   k - +0 dagger
rCold   . . .      Faith    .   (no shield)
rNeg    . . .      Spirit   .   a - +0 robe
rPois   .          Reflect  .   (no helmet)
rElec   .          Harm     .   (no cloak)
rCorr   .          Rampage  .   (no gloves)
Will    .....                   (no boots)
Stlth   ++........              (no amulet)
HPRegen 0.15/turn               e - +4 ring of evasion
MPRegen 0.14/turn               j - +6 ring of intelligence

@: freezing walls, slow
A: amphibious, slowness 1, strong legs 1, +LOS
a: Hop


You were on level 4 of the Dungeon.
You visited 1 branch of the dungeon, and saw 4 of its levels.

You collected 145 gold pieces.

Inventory:

Hand Weapons
 k - a +0 dagger (weapon)
Armour
 a - a +0 robe (worn)
Jewellery
 e - a +4 ring of evasion (left hand)
 j - a +6 ring of intelligence (right hand)
 l - a +6 ring of dexterity
 n - a ring of see invisible
Wands
 f - a wand of digging (2)
 q - a wand of acid (4)
Scrolls
 b - 5 scrolls of identify {unknown}
 c - a scroll of enchant weapon {unknown}
 d - a scroll of fog {unknown}
 r - 2 scrolls of noise {unknown}
Potions
 g - a potion of heal wounds {unknown}
 h - 2 potions of brilliance {unknown}
 i - 2 potions of flight {unknown}
 m - a potion of magic {unknown}
 o - a potion of degeneration {unknown}
 p - a potion of berserk rage {unknown}


   Skills:
 + Level 5.7 Dodging
 - Level 1.7 Stealth
 + Level 5.2 Spellcasting
 * Level 1.5 Conjurations
 + Level 7.5 Ice Magic


You had 11 spell levels left.
You knew the following spells:

 Your Spells              Type           Power      Damage    Failure   Level
a - Freeze                Ice            100%       1d11      1%          1
b - Frozen Ramparts       Ice            84%        1d10      1%          3
c - Foxfire               Conj/Fire      36%        2x1d5     6%          1

Your spell library contained the following spells:

 Spells                   Type           Power      Damage    Failure   Level
 Ozocubu's Armour         Ice            42%        N/A       1%          3
 Hailstorm                Conj/Ice       28%        3d8       13%         4
 Conjure Flame            Conj/Fire      9%         6-21      19%         3
 Inner Flame              Hex/Fire       6%         N/A       26%         3
 Flame Wave               Conj/Fire      9%         3d4       54%         4
 Cause Fear               Hex            3%         N/A       65%         4
 Iskenderun's Battlesphe  Conj           13%        2d7       78%         5
 Iron Shot                Conj/Erth      4%         9d2       100%        6
 Dragon Form              Tmut           3%         N/A       100%        7
 Spellforged Servitor     Conj/Summ      4%         N/A       100%        7
 Dragon's Call            Summ           3%         N/A       100%        9


Dungeon Overview and Level Annotations

Branches:
Dungeon (4/15)
 Temple: D:4-7

Altars:

Annotations:
D:4 Edmund, Eustachio


Innate Abilities, Weirdness & Mutations

You are amphibious.
You cover ground slowly.
You can hop short distances.
You have an extended range of vision and can be seen from far away.


Message History

The wall freezes Edmund but does no damage.
Edmund hits you with a +2 dire flail of holy wrath!
You freeze Edmund.
Edmund resists.
Edmund is heavily wounded.
Edmund completely resists.
The wall freezes Edmund but does no damage.
Edmund hits you with a +2 dire flail of holy wrath!
You are too injured to fight recklessly!
You are too injured to fight recklessly!
Casting: Freeze (safe; 1% risk of failure)
Confirm with . or Enter, or press ? or * to list all spells.
Aiming: Freeze (safe; 1% risk of failure)
Press: ? - help, Shift-Dir - straight line, f/p - Edmund
Aim: Edmund, wielding a +2 dire flail of holy wrath, wearing a +3 ring mail of cold resistance and carrying a wand of flame (7) (heavily wounded)
You freeze Edmund.
Edmund resists.
Edmund is severely wounded.
Edmund resists.
The wall freezes Edmund.
Edmund gestures with his flail.
Edmund completely misses you.
Casting: Freeze (safe; 1% risk of failure)
Confirm with . or Enter, or press ? or * to list all spells.
Aiming: Freeze (safe; 1% risk of failure)
Press: ? - help, Shift-Dir - straight line, f/p - Edmund
Aim: Edmund, wielding a +2 dire flail of holy wrath, wearing a +3 ring mail of cold resistance and carrying a wand of flame (7) (severely wounded)
You freeze Edmund.
Edmund resists.
Edmund is severely wounded.
Edmund resists.
The wall freezes Edmund.
Edmund hits you with a +2 dire flail of holy wrath!
* * * LOW HITPOINT WARNING * * *
Unknown command.
Casting: Freeze (safe; 1% risk of failure)
Confirm with . or Enter, or press ? or * to list all spells.
Aiming: Freeze (safe; 1% risk of failure)
Press: ? - help, Shift-Dir - straight line, f/p - Edmund
Aim: Edmund, wielding a +2 dire flail of holy wrath, wearing a +3 ring mail of cold resistance and carrying a wand of flame (7) (severely wounded)
You freeze Edmund.
Edmund resists.
Edmund is almost dead.
Edmund resists.
The wall freezes Edmund.
Edmund zaps a wand.
The puff of flame hits you.
You die...

### ..#
..################
.................#
########
..##########.###@#
#......# ..#
##...##@# #.####.#
### #.....#.# #<#
#.# #
##...##.#####.####.#
###
##.###..........#.#
..# #.#
#######......#
#.....# #.# ###...##
....#.# #+# #....#
#...# #....#


You could see Edmund.

Vanquished Creatures
  Sigmund (D:2)
  Duvessa (D:4)
  A necrophage (D:3)
  Blork the orc (D:4)
  Dowan (D:4)
  A water moccasin skeleton (D:3)
  An orc priest (D:3)
  2 hounds (D:4)
  Ijyb (D:2)
  An iguana (D:4)
  Natasha (D:4)
  2 orc wizards (D:3)
  A gnoll (D:4)
  A worm (D:3)
  2 dart slugs
  5 orcs
  5 endoplasms
  2 giant cockroaches
  6 goblins (D:2)
  6 hobgoblins
  4 jackals
  A kobold (D:3)
  3 quokkas
  2 ball pythons
  3 bats (D:1)
  4 frilled lizards (D:1)
  4 rats (D:1)
63 creatures vanquished.

Notes
Turn   | Place    | Note
-------+----------+-------------------------------------------
     0 | D:1      | KoroneIsBestGirl the Barachi Ice Elementalist began the
                  | quest for the Orb.
     0 | D:1      | Reached XP level 1. HP: 13/13 MP: 3/3
   330 | D:1      | Reached skill level 5 in Ice Magic
   539 | D:1      | Reached XP level 2. HP: 19/19 MP: 1/5
  1466 | D:1      | Reached XP level 3. HP: 24/24 MP: 5/7
  1528 | D:1      | Learned a level 3 spell: Frozen Ramparts
  1985 | D:2      | Noticed Ijyb
  2156 | D:2      | Killed Ijyb
  2157 | D:2      | Reached XP level 4. HP: 30/30 MP: 2/8
  2236 | D:2      | Noticed Sigmund
  2245 | D:2      | Killed Sigmund
  2246 | D:2      | Reached skill level 6 in Ice Magic
  2246 | D:2      | Reached XP level 5. HP: 35/35 MP: 2/10
  4381 | D:3      | Reached XP level 6. HP: 27/41 MP: 10/12
  4648 | D:3      | Found a faded altar of an unknown god.
  5090 | D:3      | Noticed a necrophage
  5096 | D:3      | Killed a necrophage
  5097 | D:3      | Reached XP level 7. HP: 38/46 MP: 6/13
  5581 | D:4      | Reached skill level 5 in Dodging
  5581 | D:4      | Reached skill level 7 in Ice Magic
  5732 | D:4      | Noticed Duvessa
  5741 | D:4      | Killed Duvessa
  5741 | D:4      | Noticed Dowan
  5742 | D:4      | Reached skill level 5 in Spellcasting
  6184 | D:4      | Killed Dowan
  6465 | D:4      | Learned a level 1 spell: Foxfire
  6536 | D:4      | Noticed Eustachio
  6573 | D:4      | Noticed Blork the orc
  6580 | D:4      | Killed Blork the orc
  6581 | D:4      | Reached skill level 1 in Conjurations
  6646 | D:4      | Noticed Natasha
  6654 | D:4      | Killed Natasha
  6800 | D:4      | Noticed Edmund
  6809 | D:4      | HP: 1/46 [Edmund (13)]
  6810 | D:4      | Killed from afar by Edmund

Illustrated notes

Levels and vault maps discovered:
D:1:      saegor_arrival_simple_e, layout_basic, hex_intersection,
          minmay_misc_feat_nine_boxes
D:2:      kennysheep_the_goblin_king, layout_rooms,
          hangedman_decor_clover_reticule, grunt_decor_fettered, uniq_sigmund
D:3:      layout_loops_corners, hellmonk_ecumenical_altar_lost_god
D:4:      layout_loops_corners, minmay_temple_entry_nine_rooms,
          cheibrodos_gnoll_hut, uniq_blork_the_orc, uniq_natasha, uniq_ijyb,
          uniq_edmund, uniq_eustachio, uniq_duvessa

Skill      XL: |  1  2  3  4  5  6  7 |
---------------+----------------------+-----
Ice Magic      | 5 6 7 |  7.5
Dodging        | 3 4 5 |  5.7
Spellcasting   | 3 4 5 |  5.2
Conjurations   | 1 |  1.5
Stealth        | |  1.7

Action                   |  1- 3 |  4- 6 |  7- 9 || total
-------------------------+-------+-------+-------++-------
Melee: Unarmed           |    32 |    10 |       ||    42
       Dagger            |       |    41 |     3 ||    44
 Cast: Freeze            |    39 |    16 |    36 ||    91
       Frozen Ramparts   |     3 |     4 |     4 ||    11
 Abil: Hop               |     1 |     1 |     2 ||     4
 Stab: Sleeping          |       |     1 |       ||     1
Armor: Robe              |    27 |     8 |     2 ||    37
Dodge: Dodged            |    66 |    50 |    18 ||   134

Table legend: (Time is in decaauts)
 A = Elapsed time spent in this place.
 B = Non-inter-level travel time spent in this place.
 C = Inter-level travel time spent in this place.
 D = Time resting spent in this place.
 E = Time spent auto-exploring this place.
 F = Levels seen in this place.
 G = Mean time per level.
                   A        B        C        D        E       F      G
               +--------+--------+--------+--------+--------+-----+--------+
         Total |   7314 |   7164 |    150 |   2096 |   4453 |   4 | 1828.5 |
       Dungeon |   7314 |   7164 |    150 |   2096 |   4453 |   4 | 1828.5 |
               +--------+--------+--------+--------+--------+-----+--------+

Top non-repeatable levels by time:
     D:2: 2629 daAuts
     D:1: 1915 daAuts
     D:4: 1407 daAuts
     D:3: 1361 daAuts
